 Dungeon Crawl Stone Soup version 0.27-a0-1591-gc56fcc985a (webtiles) character file.

Game seed: 558515593986370480

375 duskshroud the Conjurer (level 6, -1/32 HPs)
             Began as a Deep Elf Conjurer on July 20, 2021.
             Slain by a centaur (5 damage)
             ... on level 3 of the Dungeon.
             The game lasted 00:19:28 (3381 turns).

duskshroud the Conjurer (Deep Elf Conjurer)         Turns: 3381, Time: 00:19:29

Health: -1/32      AC:  2    Str:  4    XL:     6   Next: 44%
Magic:  16/17      EV: 12    Int: 25    God:
Gold:   106        SH:  0    Dex: 13    Spells: 16/17 levels left

rFire    . . .     SeeInvis .   b - +0 whip (freeze)
rCold    . . .     Faith    .   (no shield)
rNeg     . . .     Spirit   .   a - +0 robe
rPois    .         Reflect  .   (helmet restricted)
rElec    .         Harm     .   (no cloak)
rCorr    .         Rampage  .   (no gloves)
Will     .....                  (no boots)
Stlth    ++........             (no amulet)
HPRegen  0.10/turn              (no ring)
MPRegen  0.15/turn              (no ring)

@: brilliant, attractive, hasted, very quick
A: antennae 1, talons 1
a: no special abilities


You were on level 3 of the Dungeon.
You visited 1 branch of the dungeon, and saw 3 of its levels.

You collected 106 gold pieces.

Inventory:

Hand Weapons
 b - a +0 whip of freezing (weapon)
Armour
 a - a +0 robe (worn)
 e - a +0 helmet
 g - a +0 kite shield
Jewellery
 l - an amulet of faith
Scrolls
 c - 2 scrolls of magic mapping {unknown}
 f - a scroll of brand weapon {unknown}
 h - a scroll of identify {unknown}
 i - a scroll of amnesia {unknown}
 j - a scroll of enchant weapon {unknown}
 o - a scroll of immolation {unknown}
Potions
 d - a potion of haste


   Skills:
 - Level 2.4 Dodging
 * Level 2.4 Stealth
 + Level 6.3 Spellcasting
 + Level 7.1 Conjurations


You had 16 spell levels left.
You knew the following spells:

 Your Spells              Type           Power      Damage    Failure   Level
a - Magic Dart            Conj           100%       1d8       1%          1

Your spell library contained the following spells:

 Spells                   Type           Power      Damage    Failure   Level
 Searing Ray              Conj           100%       3d7       1%          2
 Dazzling Flash           Conj/Hex       76%        N/A       4%          3
 Fulminant Prism          Conj/Hex       19%        3d11      17%         4
 Iskenderun's Mystic Bla  Conj/Tloc      38%        2d9       17%         4


Dungeon Overview and Level Annotations

Branches:
Dungeon (3/15)

Altars:

Annotations:
D:2 1 runed translucent door, Crazy Yiuf, Sigmund


Innate Abilities, Weirdness & Mutations

You have a pair of small antennae on your head.
You have sharp toenails.


Message History

A centaur comes into view.
Casting: Magic Dart (safe; 1% risk of failure)
Confirm with . or Enter, or press ? or * to list all spells.
Aiming: Magic Dart (safe; 1% risk of failure)
Press: ? - help, Shift-Dir - straight line, f/p - frilled lizard
Aim: a frilled lizard (heavily wounded, 100% to hit)
The magic dart hits the frilled lizard!
You kill the frilled lizard!
The centaur shouts!
You hear a shout!
The centaur wields a +0 shortbow.
The centaur shoots an arrow.
The arrow hits you.
The centaur shoots an arrow.
The arrow hits you!
You close the door.
A centaur opens the door.
The centaur shoots an arrow.
The arrow closely misses you.
The centaur shoots an arrow.
The arrow hits you!
* * * LOW HITPOINT WARNING * * *
It was a potion of haste.
You feel yourself speed up.
It was a potion of brilliance.
You feel clever all of a sudden.
It was a potion of attraction.
You feel attractive to monsters.
It was a potion of mutation.
You feel extremely strange.
Your toenails lengthen and sharpen.
A pair of antennae grows on your head!
Your +0 helmet falls away!
You hit the centaur. You freeze the centaur. Your kick misses the centaur.
The centaur is lightly wounded.
The centaur unwields a +0 shortbow.
The centaur hits you but does no damage.
The centaur kicks you.
* * * LOW HITPOINT WARNING * * *
Casting: Magic Dart (safe; 1% risk of failure)
Confirm with . or Enter, or press ? or * to list all spells.
Aiming: Magic Dart (safe; 1% risk of failure)
Press: ? - help, Shift-Dir - straight line, f - centaur
Aim: a centaur, quivering arrows (lightly wounded, 100% to hit)
You feel a surge of power!
The magic dart hits the centaur.
The centaur is moderately wounded.
The centaur hits you.
You die...

#........#.# #........#.# #'##.#
#.##.# #c##.# #..#.# ##.#.# #.#.#
#.#@# #.c.#
###############..################
.................................
###############.>################
# ##.# # #.# # #.# # #.#


You could see a centaur.

Vanquished Creatures
  Grinder (D:3)
  An orc wizard (D:3)
  Robin (D:2)
  4 gnolls (D:2)
  An adder (D:2)
  4 dart slugs
  3 orcs (D:3)
  6 endoplasms
  A giant cockroach (D:2)
  9 hobgoblins
  9 jackals
  5 quokkas
  5 ball pythons
  3 bats
  3 frilled lizards
  9 goblins
  13 kobolds
  6 rats
84 creatures vanquished.

Vanquished Creatures (others)
  A plant (D:2)
1 creature vanquished.

Grand Total: 85 creatures vanquished

Notes
Turn   | Place    | Note
-------+----------+-------------------------------------------
     0 | D:1      | duskshroud the Deep Elf Conjurer began the quest for the
                  | Orb.
     0 | D:1      | Reached XP level 1. HP: 10/10 MP: 6/6
   203 | D:1      | Reached XP level 2. HP: 15/15 MP: 4/8
   243 | D:1      | Reached skill level 5 in Conjurations
   687 | D:1      | Reached XP level 3. HP: 19/19 MP: 6/9
  1643 | D:2      | Noticed Robin
  1700 | D:2      | Killed Robin
  1701 | D:2      | Reached XP level 4. HP: 24/24 MP: 4/12
  1814 | D:2      | Noticed Sigmund
  1851 | D:2      | Found a runed translucent door.
  1852 | D:2      | Noticed Crazy Yiuf
  2030 | D:2      | Found a faded altar of an unknown god.
  2325 | D:2      | Reached skill level 6 in Conjurations
  2603 | D:3      | Reached XP level 5. HP: 28/28 MP: 11/14
  2646 | D:3      | Noticed Grinder
  2647 | D:3      | Paralysed by Grinder for 2 turns
  2666 | D:3      | Killed Grinder
  2667 | D:3      | Reached skill level 7 in Conjurations
  2667 | D:3      | Reached XP level 6. HP: 16/32 MP: 3/17
  3379 | D:3      | Gained mutation: You have sharp toenails. [potion of
                  | mutation]
  3379 | D:3      | Gained mutation: You have a pair of small antennae on your
                  | head. [potion of mutation]
  3381 | D:3      | Slain by a centaur

Illustrated notes

Levels and vault maps discovered:
D:1:      tarquinn_simple_flora_water_c, layout_loops_corners
D:2:      layout_loops_ring, basic_ecumenical_altar, corexii_shack,
          minmay_misc_feat_secret_circle, grunt_decor_junction, uniq_robin,
          uniq_crazy_yiuf_cottage, uniq_sigmund
D:3:      layout_basic, dk_noncrumbling_3, uniq_grinder

Skill      XL: |  1  2  3  4  5 |
---------------+----------------+-----
Conjurations   | 5 6 7 |  7.1
Spellcasting   | 4 6 |  6.3
Dodging        | |  2.4
Stealth        | |  2.4

Action                   |  1- 3 |  4- 6 || total
-------------------------+-------+-------++-------
Melee: Whip              |     6 |    11 ||    17
 Cast: Magic Dart        |    85 |    94 ||   179
  Use: Potion            |       |     4 ||     4
Armor: Robe              |     3 |     4 ||     7
Dodge: Dodged            |     6 |     7 ||    13

Table legend: (Time is in decaauts)
 A = Elapsed time spent in this place.
 B = Non-inter-level travel time spent in this place.
 C = Inter-level travel time spent in this place.
 D = Time resting spent in this place.
 E = Time spent auto-exploring this place.
 F = Levels seen in this place.
 G = Mean time per level.
                   A        B        C        D        E       F      G
               +--------+--------+--------+--------+--------+-----+--------+
         Total |   3381 |   3360 |     21 |   1169 |   1522 |   3 | 1127.0 |
       Dungeon |   3381 |   3360 |     21 |   1169 |   1522 |   3 | 1127.0 |
               +--------+--------+--------+--------+--------+-----+--------+

Top non-repeatable levels by time:
     D:2: 1301 daAuts
     D:1: 1282 daAuts
     D:3: 798 daAuts
